 Dungeon Crawl Stone Soup version 0.14-a0-2737-gb10a4c8 (webtiles) character file.

223189 Psiweapon the Unseen (level 19, -1/104 HPs)
             Began as a Kobold Hunter on Feb 19, 2014.
             Was a High Priest of Dithmenos.
             Slain by an air elemental (4 damage)
             ... summoned by Sojobo
             ... on Level 16 of the Dungeon on Feb 21, 2014.
             The game lasted 11:34:42 (60456 turns).

Psiweapon the Unseen (Kobold Hunter)               Turns: 60456, Time: 11:34:43

HP  -1/104       AC 14     Str 17      XL: 19   Next: 96%
MP  31/32        EV 35     Int  8      God: Dithmenos [*****.]
Gold 1860        SH 19     Dex 24      Spells: 14 memorised,  3 levels left

rFire  + + .     SeeInvis .     D - +8,+11 falchion "Creq" {freeze, rN+}
rCold  + + .     Clarity  .     O - +0 troll leather armour {Snorg}
rNeg   + . .     Conserve .     Z - +0 buckler {rC+}
rPois  .         rCorr    .     J - +2 hat
rElec  .         rRot     .     F - +2 cloak of Submission {rF++ rC+}
SustAb . .       Spirit   .     o - +0 pair of gloves
rMut   .         Warding  .     B - +3 pair of boots of the spider {+Jump, Stlth+}
Saprov + + .     Rnd*Tele +     m - amulet of faith
MR     ++...                    R - ring of regeneration
                                U - ring of Shaolin {EV+8}

@: about to teleport, invisible, mighty, very slightly contaminated, hasted,
wreathed by umbra, drained, very quick, very resistant to hostile enchantments,
uncannily stealthy
A: disease resistance, horns 1, thin skeletal structure 1, camouflage 1,
carnivore 3, deformed body, deterioration 1, dopey 1, low mp 1, magic resistance
1, regeneration 1, saprovore 2, teleportitis 1
a: Shadow Step, Shadow Form, Renounce Religion, Evoke Jump Attack
}: 1/15 runes: gossamer


You were on level 16 of the Dungeon.
You worshipped Dithmenos.
Dithmenos was extremely pleased with you.
You were very full.

You visited 8 branches of the dungeon, and saw 42 of its levels.
You also visited: Ossuary and Bailey.

You collected 3535 gold pieces.
You spent 1675 gold pieces at shops.

Inventory:

Hand weapons
 a - a +3,+1 dagger of protection
 b - a +5,+5 orcish crossbow of velocity
 h - a +2,+2 scimitar of holy wrath
 D - the +8,+11 falchion "Creq" (weapon) {freeze, rN+}
   (You found it on level 8 of the Dungeon)

   It has been specially enchanted to freeze those struck by it, causing extra
   injury to most foes and up to double damage against particularly susceptible
   opponents.
   It can also slow down cold-blooded creatures.
   It protects you from negative energy.
Missiles
 c - 18 poisoned bolts
 u - 24 bolts of frost
 z - 47 bolts
 N - 5 bolts of penetration
Armour
 o - a +0 pair of gloves (worn)
 B - the +3 pair of boots of the spider (worn) {+Jump, Stlth+}
   (You acquired it on level 3 of the Vaults)

   It makes you much more stealthy.
 F - the +2 cloak of Submission (worn) {rF++ rC+}
   (You found it on level 6 of the Dungeon)

   It greatly protects you from fire.
   It protects you from cold.
 J - a +2 hat (worn)
 O - a +0 troll leather armour (worn) {Snorg}
 Z - a +0 buckler of cold resistance (worn)
Magical devices
 f - a wand of lightning (3)
 j - a wand of slowing (8)
 l - a wand of paralysis (7)
 Y - a wand of cold (0)
Comestibles
 i - 5 meat rations
 r - 2 chunks of cyclops flesh
Scrolls
 d - 2 scrolls of magic mapping
 e - a scroll of vulnerability
 k - 2 scrolls of teleportation
 n - 5 scrolls of fog
 A - 5 scrolls of remove curse
 C - 3 scrolls of blinking
 E - 4 scrolls of fear
 V - 4 scrolls of identify
Jewellery
 g - an uncursed ring of protection from magic
 m - an amulet of faith (around neck)
 p - an uncursed ring of poison resistance
 w - an uncursed ring of wizardry
 I - an uncursed ring of see invisible
 P - a +5 ring of protection
 R - a ring of regeneration (right hand)
 U - the ring of Shaolin (left hand) {EV+8}
   (You found it on level 16 of the Dungeon)

   [ring of evasion]

   It affects your evasion (+8).
Potions
 q - 3 potions of curing
 t - a potion of lignification
 G - 2 potions of might
 H - 2 potions of berserk rage
 Q - a potion of resistance
 S - a potion of agility
Miscellaneous
 s - a stone of tremors
 v - a fan of gales
 L - a phial of floods (inert)
 X - a phial of floods


   Skills:
 - Level 6.8(6.3) Fighting
 - Level 10.1(9.5) Short Blades
 - Level 8.4(7.9) Long Blades
 + Level 15.2(14.6) Crossbows
 - Level 5.1(4.6) Throwing
 - Level 7.4(6.9) Armour
 - Level 12.5(11.9) Dodging
 - Level 15.7(15.1) Stealth
 + Level 11.9(11.3) Shields
 + Level 10.9(10.3) Spellcasting
 - Level 12.4(11.8) Hexes
 - Level 1.5(1.0) Necromancy
 - Level 3.2(2.7) Translocations
 - Level 3.0(2.5) Ice Magic
 - Level 8.4(7.9) Invocations
 - Level 2.2(1.7) Evocations


You had 3 spell levels left.
You knew the following spells:

 Your Spells              Type           Power        Failure   Level  Hunger
a - Animate Skeleton      Necr           N/A          12%         1    None
b - Ensorcelled Hibernat  Hex/Ice        ###...       1%          2    #......
c - Sublimation of Blood  Necr           #.........   17%         2    #......
d - Blink                 Tloc           N/A          10%         2    #......
e - Apportation           Tloc           #.........   6%          1    None
f - Confuse               Hex            ###.....     1%          3    ###....
g - Enslavement           Hex            ###.....     1%          4    ####...
h - Slow                  Hex            ###.....     1%          2    #......
i - Passwall              Trmt/Erth      #.........   47%         3    ###....
j - Swiftness             Chrm/Air       #.......     24%         2    #......
k - Cause Fear            Hex            ###.......   1%          4    ####...
l - Flight                Chrm/Air       #.........   47%         3    ###....
m - Summon Butterflies    Summ           #.......     17%         1    None
I - Invisibility          Hex            ###.....     21%         6    #######


Dungeon Overview and Level Annotations

Branches:
Dungeon (16/16)            Temple (1/1) D:5             Orc (4/4) D:9
    Elf (0/3) Orc:4          Lair (8/8) D:9          Shoals (4/5) Lair:3
 Spider (5/5) Lair:5        Slime (0/6) Lair:8       Vaults (3/5) D:14
 Depths (1/6) D:16
  Blade: Vaults:3-4   Crypt: Vaults:2-3  Forest: Vaults:2-3

Altars:
Ashenzari
Cheibriados
Dithmenos
Elyvilon
Fedhas
Kikubaaqudgha
Makhleb
Okawaru
Sif Muna
Trog
Vehumet
Xom
Yredelemnul
Zin
The Shining One

Shops:
D:5 }   D:7 :   D:14 *   Orc:4 *[=((   Shoals:1 /   Vaults:1 ?

Annotations:
D:7 unexplored castle!
D:16 Sojobo
Lair:1 exclusion: oklob plant
Lair:2 exclusion: upstairs
Lair:4 1 exclusion
Lair:7 1 exclusion
Spider:2 3 exclusions
Spider:4 1 exclusion
Vaults:2 1 exclusion


Innate Abilities, Weirdness & Mutations

You recuperate from illness quickly.
You are small and have problems with some larger weapons.
You are carnivorous and can eat meat at any time.
You can eat rotten meat.
You have a pair of small horns on your head.
You have a somewhat thin skeletal structure (Dex +2, Stlth).
Your skin changes colour to match your surroundings (Stlth).
Armour fits poorly on your strangely shaped body.
Your body is slowly deteriorating.
You are dopey. (Int -2)
Your magical capacity is low (-10% MP).
You are resistant to hostile enchantments.
Your natural rate of healing is unusually fast.
Space occasionally distorts in your vicinity.


Message History

An air elemental merges itself into the air.
An air elemental forms itself from the air!
The air elemental completely misses you.
An air elemental merges itself into the air.
An air elemental forms itself from the air!
Sojobo gestures at you while chanting.
The bolt of lightning hits the air elemental.
The air elemental completely resists.
The bolt of lightning hits you!
* * * LOW HITPOINT WARNING * * *
The bolt of lightning misses you.
The air elemental completely misses you.
Read which item? (? for menu, Esc to quit)
You can't read that!
Read which item? (? for menu, Esc to quit)
As you read the scroll of teleportation, it crumbles to dust.
You feel strangely unstable.
The air elemental completely misses you.
An air elemental merges itself into the air.
The air elemental hits you.
You die...

..#........######
..#.........#...####
..###...#.≈.#.≈.#..#
#####......[#...#..#
.....##..###'###.###
.....##.....#...##
..#..##...≈.#.≈H#
.....##.....#.EE##
.....##..###.###@#
...####..#..## ###
%### ####..# .# ####
.# #.# ########
.####### #.#
#......# .......#
#.# ####.####.#
.#####.###.#
####....####)###
...........#
#.......##.....#


You could see Sojobo and 2 air elementals.

Vanquished Creatures
  A kraken (Shoals:3)
  A tengu reaver (D:16)
  Frances (D:15)
  A frost giant (Shoals:3)
  5 ghost moths
  Aizul (Shoals:2)
  A fire giant (Vaults:1)
  4 emperor scorpions (Spider:5)
  A vault warden (Vaults:1)
  A stone giant (Shoals:3)
  Azrael (Spider:2)
  A dire elephant (Lair:8)
  A merfolk javelineer (Shoals:3)
  2 merfolk impalers
  Snorg (Lair:4)
  A deep elf death mage (Vaults:1)
  3 ironheart preservers
  8 vault guards
  2 yaktaur captains
  6 hydras
  Erica (Lair:4)
  3 orc high priests (Orc:4)
  8 death yaks
  An ogre mage (D:16)
  2 satyrs (Shoals:3)
  Urug (Orc:4)
  3 centaur warriors
  2 very ugly things
  The ghost of Somebody the Nimble, an experienced FeBe of Trog (Orc:4)
  An iron troll (Vaults:2)
  A catoblepas (Lair:8)
  5 sea snakes
  An unseen horror (D:13)
  5 skeletal warriors
  A giant orange brain (Vaults:3)
  A deep elf summoner (Vaults:1)
  27 orb spiders
  2 water nymphs
  An unseen horror (shapeshifter) (D:15)
  Pikel (D:7)
  9 hill giants
  10 orc knights
  A giant amoeba (Vaults:1)
  5 ironbrand convokers
  6 griffons
  39 wolf spiders
  15 harpies
  7 manticores
  A deep elf conjurer (Vaults:1)
  5 orc sorcerers (Orc:4)
  2 necromancers
  3 oklob plants (Lair:8)
  6 red wasps
  2 elephants (Lair:8)
  A queen ant (Lair:8)
  2 octopodes (Shoals:1)
  3 vault sentinels
  Maurice (Orc:3)
  A moth of wrath (Spider:5)
  8 black mambas
  2 spiny worms
  A frost giant skeleton (Vaults:1)
  15 cyclopes
  A stone giant skeleton (Vaults:1)
  A fire giant skeleton (Vaults:2)
  An item mimic (Lair:6)
  A fire drake (shapeshifter) (Vaults:1)
  A fire drake (Lair:2)
  3 feature mimics
  5 fauns (Shoals:3)
  An elf (shapeshifter) (Vaults:1)
  A formicid venom mage (Spider:1)
  The ghost of Econoterrorist the Cudgeler, an experienced GrFi of Okawaru (D:5)
  7 spiny frogs
  3 mermaids
  9 yaktaurs
  18 jumping spiders
  5 komodo dragons
  5 trolls
  16 demonic crawlers
  A spriggan (D:7)
  5 wandering mushrooms
  A tengu conjurer (D:16)
  A centaur skeleton (D:14)
  4 two-headed ogres
  A queen bee (Spider:5)
  A wolf spider simulacrum (D:16)
  24 slime creatures
  18 merfolk
  A baby alligator (shapeshifter) (Vaults:2)
  A polar bear (Lair:7)
  A freezing wraith (Vaults:3)
  3 snapping turtles
  7 boulder beetles
  A wind drake (Shoals:2)
  18 blink frogs
  17 trapdoor spiders
  19 tarantellas
  A griffon zombie (D:15)
  A grizzly bear (Lair:8)
  33 redbacks
  A shadow (D:14)
  5 basilisks
  A wyvern (D:9)
  The ghost of Vidiiot the Cudgeler, an average OgMo (D:4)
  2 deep elf magi (Vaults:3)
  2 vampires
  21 sharks
  46 yaks
  28 ugly things
  4 deep elf fighters
  2 wraiths
  2 elephant slugs
  3 fire elementals (Spider:2)
  2 steam dragons
  7 vampire mosquitoes
  15 hippogriffs
  A naga (D:16)
  Menkaure (D:4)
  6 jellies
  4 wolves (Lair:8)
  14 soldier ants (Lair:8)
  3 mottled dragons
  8 porcupines
  A hell hound (Spider:2)
  2 swamp drakes (Lair:7)
  36 orc warriors
  A deep troll skeleton (Vaults:1)
  10 giant goldfish
  A necrophage (D:9)
  3 black bears
  12 ogres
  12 centaurs
  3 phantoms
  5 sky beasts
  4 yellow wasps
  A big kobold (D:15)
  A brain worm (Vaults:1)
  11 water moccasins
  8 giant slugs
  3 wargs
  13 crocodiles
  8 agate snails
  A cyclops zombie (D:10)
  A yaktaur skeleton (D:16)
  A komodo dragon skeleton (D:12)
  20 giant frogs
  4 gnoll sergeants (D:7)
  A troll zombie (D:11)
  A cyclops skeleton (D:13)
  An orc simulacrum (Vaults:1)
  8 wights
  20 killer bees
  3 yak skeletons
  14 electric eels
  5 crimson imps
  4 goliath beetles
  2 centaur zombies
  A gnoll shaman (D:7)
  3 human zombies
  9 big fish
  A giant frog zombie (D:5)
  8 iguanas
  A giant frog skeleton (D:7)
  23 orc priests
  6 scorpions
  27 spiders
  17 hounds
  40 worker ants
  36 orc wizards
  31 sheep
  A big kobold zombie (Ossuary)
  9 boggarts
  6 mummies
  26 adders
  28 gnolls
  90 green rats
  A worm zombie (D:9)
  5 giant centipedes
  An inept feature mimic (D:2)
  2 giant mites
  9 worms
  2 adder zombies (Ossuary)
  4 giant eyeballs
  9 giant geckos
  156 orcs
  26 bats
  4 giant cockroaches
  30 goblins
  16 hobgoblins
  22 jackals
  22 kobolds
  7 giant newts
  A giant spore (D:12)
  A goblin zombie (Ossuary)
  6 hobgoblin zombies (Ossuary)
  A jackal zombie (D:6)
  11 kobold zombies (Ossuary)
  5 orc skeletons
  16 orc zombies
  12 quokkas
  A quokka skeleton (D:5)
  25 rats
  7 rat skeletons
  3 rat zombies (Ossuary)
  5 ballistomycetes
  A bush (Lair:8)
  A fungus (D:9)
  2 plants
  A tentacle segment (Shoals:3)
1672 creatures vanquished.

Vanquished Creatures (collateral kills)
  Roxanne (D:14)
  3 vault guards (D:14)
  A deep troll shaman (Lair:8)
  A sea snake (Shoals:3)
  2 hill giants (D:14)
  A lindwurm (shapeshifter) (Vaults:1)
  A cyclops (Shoals:3)
  A manticore (Shoals:3)
  A human skeleton (Vaults:2)
  A griffon (Shoals:3)
  A vault sentinel (Vaults:2)
  4 fauns (Shoals:3)
  3 yaktaurs (Vaults:2)
  A merfolk (Shoals:3)
  A hydra skeleton (D:14)
  A slime creature (Vaults:2)
  2 snapping turtles
  A vampire (Vaults:1)
  A wyvern (Lair:8)
  3 ugly things (Vaults:3)
  A vampire mosquito (D:16)
  A mottled dragon (D:14)
  An orc warrior (Orc:4)
  An agate snail (Lair:2)
  4 sheep (Shoals:3)
  An orc (Orc:4)
  2 rat skeletons (Orc:4)
  2 plants (Shoals:2)
44 creatures vanquished.

Vanquished Creatures (others)
  A deep elf death mage (Vaults:3)
  A very ugly thing skeleton (Vaults:2)
  A frost giant skeleton (Shoals:3)
  3 yaktaur skeletons
  A sea snake skeleton (Shoals:3)
  5 harpy skeletons
  A hydra skeleton (Vaults:2)
  7 human skeletons
  2 air elementals
  2 griffon skeletons (Shoals:3)
  2 satyr skeletons (Shoals:3)
  3 water elementals
  A hill giant skeleton (D:14)
  3 merfolk skeletons (Shoals:3)
  A slave (D:8)
  5 faun skeletons (Shoals:3)
  4 ugly thing skeletons
  2 cyclops skeletons (Shoals:3)
  A yak skeleton (Lair:2)
  A spider (Spider:1)
  A centaur skeleton (Vaults:1)
  An elf skeleton (Vaults:3)
  A sheep (Shoals:4)
  A worker ant (D:8)
  An ogre skeleton (Orc:4)
  3 sheep skeletons
  A bat (D:8)
  A giant cockroach (D:8)
  A giant spore (D:8)
  A kobold skeleton (D:15)
  28 orc skeletons
  4 rat skeletons (Orc:4)
  5 fungi
  5 plants (Shoals:3)
  14 tentacles (Shoals:3)
  687 tentacle segments (Shoals:3)
802 creatures vanquished.

Grand Total: 2518 creatures vanquished

Notes
Turn   | Place    | Note
--------------------------------------------------------------
     0 | D:1      | Psiweapon, the Kobold Hunter, began the quest for the Orb.
     0 | D:1      | Reached XP level 1. HP: 12/12 MP: 1/1
    54 | D:2      | Reached skill level 5 in Crossbows
    54 | D:2      | Reached XP level 2. HP: 16/16 MP: 2/2
   454 | D:1      | Reached skill level 1 in Short Blades
   454 | D:1      | Reached XP level 3. HP: 21/21 MP: 3/3
  1155 | D:2      | Reached XP level 4. HP: 26/26 MP: 4/4
  1632 | D:2      | Reached XP level 5. HP: 19/31 MP: 5/5
  2882 | D:3      | Reached XP level 6. HP: 13/37 MP: 6/6
  4054 | D:5      | Entered Level 5 of the Dungeon
  4063 | D:5      | Found a staircase to the Ecumenical Temple.
  4102 | Temple   | Entered the Ecumenical Temple
  4227 | Temple   | Became a worshipper of Dithmenos
  4319 | D:5      | Paralysed by a giant eyeball for 4 turns
  4520 | D:4      | Noticed Menkaure
  4526 | D:4      | Killed Menkaure
  4526 | D:4      | Reached XP level 7. HP: 39/43 MP: 7/7
  4557 | D:5      | Noticed a sky beast
  4673 | D:4      | Reached skill level 5 in Dodging
  4749 | D:4      | Found a radiant altar of Vehumet.
  4752 | D:4      | Noticed Vidiiot's ghost (average OgMo)
  4933 | D:5      | Found Hyronawyod's Gadget Boutique.
  5075 | D:6      | Reached skill level 5 in Stealth
  5214 | D:5      | Noticed Econoterrorist's ghost (experienced GrFi)
  5414 | D:6      | Reached skill level 5 in Short Blades
  5653 | D:5      | Noticed a sky beast
  5666 | D:5      | Killed a sky beast
  5666 | D:5      | Reached XP level 8. HP: 30/48 MP: 8/8
  5710 | D:6      | Got a twisted cloak
  5713 | D:6      | Identified the +2 cloak of Submission {rF++ rC+} (You found it on level 6 of the Dungeon)
  6127 | D:6      | Reached skill level 6 in Stealth
  6222 | D:6      | Reached skill level 5 in Fighting
  6434 | D:6      | Reached skill level 1 in Throwing
  6460 | D:6      | Found a bloodstained altar of Trog.
  6462 | D:6      | Found a glowing silver altar of Zin.
  6783 | D:7      | Reached skill level 7 in Stealth
  6915 | D:7      | Reached XP level 9. HP: 49/54 MP: 9/9
  7134 | D:8      | Noticed Pikel
  7164 | D:7      | Killed Pikel
  7164 | D:7      | Reached skill level 8 in Stealth
  7412 | D:8      | Learned a level 2 spell: Ensorcelled Hibernation
  7468 | D:8      | Found a glowing golden altar of the Shining One.
  7497 | D:8      | Reached skill level 1 in Spellcasting
  7607 | D:8      | Reached skill level 1 in Hexes
  7629 | D:8      | Got an ancient falchion
  7630 | D:8      | Identified the +8,+11 falchion "Creq" {freeze, rN+} (You found it on level 8 of the Dungeon)
  7696 | D:8      | Found a sand-covered staircase.
  7701 | Ossuary  | Entered an ossuary
  7769 | Ossuary  | Acquired Dithmenos' first power
  8025 | Ossuary  | Reached skill level 9 in Stealth
  8446 | D:7      | Reached XP level 10. HP: 39/59 MP: 14/16
  8481 | D:7      | Noticed a spriggan baker
  8485 | D:7      | Killed a spriggan baker
  8752 | D:7      | Acquired Dithmenos' second power
  9096 | D:9      | Found a staircase to the Orcish Mines.
  9267 | D:10     | Entered Level 10 of the Dungeon
  9504 | D:11     | Reached skill level 10 in Stealth
  9567 | D:9      | Reached skill level 1 in Armour
  9572 | D:9      | Reached skill level 1 in Ice Magic
  9787 | D:9      | Found a staircase to the Lair.
 11301 | Lair:1   | Entered Level 1 of the Lair of Beasts
 11432 | D:9      | Reached skill level 1 in Long Blades
 11432 | D:9      | Reached skill level 11 in Stealth
 11457 | D:9      | Reached XP level 11. HP: 39/63 MP: 20/20
 12356 | Lair:1   | Noticed an oklob plant
 12396 | Lair:1   | Acquired Dithmenos' third power
 12821 | Lair:1   | Reached skill level 10 in Crossbows
 12821 | Lair:1   | Reached skill level 12 in Stealth
 13608 | Lair:2   | Reached skill level 5 in Long Blades
 13628 | Lair:2   | Acquired Dithmenos' fourth power
 14289 | D:10     | Reached XP level 12. HP: 39/68 MP: 20/20
 14618 | Lair:2   | Identified a +0 rod of the swarm (9/9) (You took it off an ogre on level 10 of the Dungeon)
 14829 | Lair:3   | Found a staircase to the Shoals.
 15004 | Lair:3   | Found a staircase to the Swamp.
 15033 | Lair:3   | Reached skill level 5 in Armour
 15033 | Lair:3   | Reached skill level 1 in Invocations
 15431 | Lair:3   | the staircase to the Swamp was a mimic.
 15439 | Lair:3   | Reached skill level 13 in Stealth
 17209 | Lair:4   | Noticed Erica
 17226 | Lair:4   | Killed Erica
 17621 | Lair:4   | Noticed Snorg
 17625 | Lair:4   | Killed Snorg
 18823 | Lair:5   | Reached skill level 5 in Invocations
 18927 | Lair:5   | Reached XP level 13. HP: 72/72 MP: 21/21
 19042 | Lair:5   | Found a hole to the Spider Nest.
 20507 | Orc:1    | Entered Level 1 of the Orcish Mines
 20539 | Orc:1    | Reached skill level 14 in Stealth
 20869 | Orc:1    | Found a flagged portal.
 20886 | Bailey   | Entered a bailey
 20937 | Bailey   | Reached skill level 10 in Short Blades
 22177 | Orc:3    | Noticed Maurice
 22651 | D:11     | Noticed a cyclops
 22667 | D:11     | Killed a cyclops
 22715 | D:11     | Reached skill level 1 in Evocations
 22823 | D:11     | Noticed a hill giant
 22828 | D:11     | Killed a hill giant
 23569 | D:7      | Found Strudom's Book Shop.
 24466 | Lair:8   | Entered Level 8 of the Lair of Beasts
 24480 | Lair:8   | Reached skill level 10 in Dodging
 24705 | Lair:8   | Reached XP level 14. HP: 78/78 MP: 22/24
 24906 | Lair:8   | Reached skill level 15 in Stealth
 25219 | Lair:2   | Learned a level 6 spell: Invisibility
 25600 | Lair:7   | Reached skill level 5 in Hexes
 26879 | Lair:8   | Noticed a dire elephant
 26897 | Lair:8   | Killed a dire elephant
 26952 | Lair:8   | Identified the Reference Book on Evil Secrets (You found it on level 8 of the Lair of Beasts)
 26955 | Lair:8   | Learned a level 1 spell: Animate Skeleton
 26958 | Lair:8   | Learned a level 2 spell: Sublimation of Blood
 26965 | Lair:8   | Got a slimy hand axe
 26966 | Lair:8   | Identified the +7,+7 hand axe of Bootat {holy, rPois rN+ SInv} (You found it on level 8 of the Lair of Beasts)
 27548 | Orc:3    | Paralysed by Maurice for 3 turns
 27649 | Orc:3    | Killed Maurice
 28542 | Orc:4    | Entered Level 4 of the Orcish Mines
 28593 | Orc:4    | Reached skill level 1 in Necromancy
 28675 | Orc:4    | Found Klecw's Assorted Antiques.
 28714 | Orc:4    | Bought a scroll labeled KUPAWI RAALEA for 38 gold pieces
 28714 | Orc:4    | Bought a scroll labeled KUPAWI RAALEA for 38 gold pieces
 28714 | Orc:4    | Bought a scroll labeled SUCRYL CAUCZEAZE for 38 gold pieces
 28902 | Orc:4    | Noticed Urug
 28921 | Orc:4    | Got a polished cloak
 28925 | Orc:4    | Identified the -4 cloak of Evolution {Dex+2 Int+5} (You acquired it on level 4 of the Orcish Mines)
 28958 | Orc:4    | Killed Urug
 29067 | Orc:3    | Found an ancient bone altar of Kikubaaqudgha.
 29217 | Orc:4    | Found a staircase to the Elven Halls.
 29457 | Orc:4    | Bought a scroll of blinking for 209 gold pieces
 29489 | Orc:4    | Found a bloodstained altar of Trog.
 29580 | Orc:4    | Reached XP level 15. HP: 82/82 MP: 26/26
 29592 | Orc:4    | Noticed Somebody's ghost (experienced FeBe)
 29700 | Orc:4    | Killed Somebody's ghost
 30115 | Orc:4    | Found Jegaar's Antique Armour Shop.
 30115 | Orc:4    | Found Cruah's Jewellery Shoppe.
 30118 | Orc:4    | Found Cletuhi's Antique Weapon Shop.
 30118 | Orc:4    | Found Usuew's Weapon Shoppe.
 30162 | Orc:4    | Bought a cursed -3 ring of evasion for 26 gold pieces
 31415 | D:10     | Reached skill level 5 in Spellcasting
 32146 | Lair:8   | Found a staircase to the Slime Pits.
 32149 | Lair:8   | Reached skill level 1 in Shields
 32290 | Spider:1 | Entered Level 1 of the Spider Nest
 32698 | Spider:1 | Learned a level 2 spell: Blink
 32750 | Spider:1 | Learned a level 1 spell: Apportation
 33668 | Orc:4    | Bought a +3 blowgun for 87 gold pieces
 34123 | D:5      | Killed a sky beast
 34165 | D:5      | Killed Econoterrorist's ghost
 34459 | D:4      | Killed Vidiiot's ghost
 34986 | D:13     | Reached skill level 5 in Throwing
 35585 | D:14     | Found a gate to the Vaults.
 36088 | Orc:4    | Bought a +5 ring of protection for 715 gold pieces
 36291 | Lair:2   | Upgraded the game from 0.14-a0-2723-gdc5d926 to 0.14-a0-2730-g72a2965
 36911 | Spider:2 | Noticed Azrael
 36932 | Spider:2 | Killed Azrael
 36933 | Spider:2 | Reached XP level 16. HP: 87/90 MP: 20/28
 37508 | Spider:2 | Reached skill level 10 in Hexes
 38410 | Spider:3 | Got a twisted dagger
 38411 | Spider:3 | Identified the cursed -1,-1 dagger "Byroytz" {speed, rPois rF-} (You found it on level 3 of the Spider Nest)
 38909 | Lair:2   | Got a transparent helmet
 38913 | Lair:2   | Identified the -2 helmet of the Skies Above {+Inv +Fly} (You acquired it on level 2 of the Lair of Beasts)
 39713 | Spider:3 | Reached skill level 5 in Shields
 41185 | Spider:5 | Entered Level 5 of the Spider Nest
 41645 | Spider:5 | Reached XP level 17. HP: 89/95 MP: 28/32
 43061 | Spider:5 | Gained mutation: You have a somewhat thin skeletal structure (Dex +2, Stlth). [mutagenic meat]
 43062 | Spider:5 | Gained mutation: You are resistant to hostile enchantments. [mutagenic meat]
 43063 | Spider:5 | Gained mutation: You have sharp toenails. [mutagenic meat]
 43064 | Spider:5 | Gained mutation: You have a fast metabolism. [mutagenic meat]
 43330 | Lair:2   | Learned a level 3 spell: Confuse
 43335 | Lair:2   | Learned a level 4 spell: Enslavement
 43777 | Spider:5 | Got a gossamer rune of Zot
 44666 | D:14     | Reached skill level 1 in Translocations
 44911 | D:14     | Found Nyvaob's Assorted Antiques.
 45009 | D:14     | Found a deep blue altar of Sif Muna.
 45033 | D:14     | Noticed Roxanne
 45058 | D:14     | Killed Roxanne
 45060 | D:14     | Identified Roxanne's Papyrus of Dusty Shape Shifting (You took it off Roxanne on level 14 of the Dungeon)
 45196 | D:15     | Entered Level 15 of the Dungeon
 45370 | D:15     | Gained mutation: Space occasionally distorts in your vicinity. [mutagenic meat]
 45371 | D:15     | Gained mutation: You have a pair of small horns on your head. [mutagenic meat]
 45389 | D:15     | Lost mutation: You have a fast metabolism. [mutagenic meat]
 45390 | D:15     | Gained mutation: Armour fits poorly on your strangely shaped body. [mutagenic meat]
 45394 | D:15     | Gained mutation: Your skin changes colour to match your surroundings (Stlth). [mutagenic meat]
 45632 | D:15     | Learned a level 2 spell: Slow
 45841 | Lair:2   | Learned a level 3 spell: Passwall
 46039 | D:15     | Noticed Frances
 46082 | D:15     | Killed Frances
 46204 | D:15     | Reached skill level 10 in Spellcasting
 46285 | D:15     | Found a shattered altar of Ashenzari.
 46467 | D:16     | Entered Level 16 of the Dungeon
 46505 | D:16     | Reached XP level 18. HP: 100/100 MP: 33/34
 47892 | D:16     | Found a staircase to the Depths.
 47959 | Depths:1 | Entered Level 1 of the Depths
 48055 | Depths:1 | Noticed Sojobo
 48231 | Vaults:1 | Entered Level 1 of the Vaults
 48332 | Vaults:1 | Learned a level 2 spell: Swiftness
 49026 | Shoals:1 | Entered Level 1 of the Shoals
 49403 | Shoals:1 | Found Shumeoghoe's Magical Wand Shoppe.
 49463 | Shoals:1 | Learned a level 4 spell: Cause Fear
 49467 | Shoals:1 | Learned a level 3 spell: Flight
 49475 | Shoals:1 | Bought a wand of lightning (5) for 144 gold pieces
 50270 | Shoals:2 | Noticed Aizul
 50314 | Shoals:2 | Killed Aizul
 51785 | Shoals:3 | Reached skill level 10 in Shields
 53386 | Vaults:1 | Gained mutation: Your vision is a little blurry. [mutagenic meat]
 53391 | Vaults:1 | Gained mutation: You are frail (-10% HP). [mutagenic meat]
 53392 | Vaults:1 | Lost mutation: You have sharp toenails. [mutagenic meat]
 53394 | Vaults:1 | Lost mutation: Your vision is a little blurry. [mutagenic meat]
 53554 | Vaults:1 | Reached XP level 19. HP: 93/93 MP: 35/35
 54098 | Vaults:1 | Found Thaumog's Magic Scroll Shop.
 54137 | Vaults:1 | Bought a scroll of enchant weapon III for 380 gold pieces
 54272 | Vaults:1 | Upgraded the game from 0.14-a0-2730-g72a2965 to 0.14-a0-2737-gb10a4c8
 54839 | Vaults:2 | Gained mutation: You are weak. (Str -2) [mutagenic meat]
 56320 | Vaults:2 | Gained mutation: Your natural rate of healing is unusually fast. [mutagenic meat]
 56338 | Vaults:2 | Lost mutation: You are weak. (Str -2) [mutagenic meat]
 56340 | Vaults:2 | Gained mutation: You are dopey. (Int -2) [mutagenic meat]
 56341 | Vaults:2 | Lost mutation: You are frail (-10% HP). [mutagenic meat]
 57892 | Vaults:3 | Learned a level 1 spell: Summon Butterflies
 58120 | Vaults:3 | Gained mutation: Your body is slowly deteriorating. [mutagenic meat]
 58262 | Vaults:3 | Paralysed by a red wasp for 3 turns
 59175 | Shoals:3 | Gained mutation: Your magical capacity is low (-10% MP). [mutagenic glow]
 59432 | Shoals:3 | Reached skill level 15 in Crossbows
 59867 | Shoals:4 | Noticed Mara
 59871 | Shoals:4 | Noticed Mara
 59871 | Shoals:4 | Noticed Mara
 59874 | Shoals:4 | Noticed Psiweapon's illusion
 60455 | D:16     | HP: 2/104 [Sojobo/bolt of lightning (43)]
 60456 | D:16     | Slain by an air elemental

Action                   |  1- 3 |  4- 6 |  7- 9 | 10-12 | 13-15 | 16-18 | 19-21 || total
-------------------------+-------+-------+-------+-------+-------+-------+-------++-------
Melee: Short sword       |    63 |   123 |   169 |     3 |       |       |       ||   358
       Dagger            |       |    82 |    79 |    85 |   467 |   620 |   209 ||  1542
       Falchion          |       |       |    77 |   748 |   784 |   571 |   185 ||  2365
       Long sword        |       |       |       |       |       |     5 |       ||     5
       Scimitar          |       |       |       |       |       |       |    12 ||    12
 Fire: Crossbow          |    14 |    38 |    70 |    85 |   457 |   280 |    85 ||  1029
       Blowgun           |       |       |       |       |    13 |    66 |       ||    79
Throw: Tomahawk          |       |    20 |    13 |    22 |    27 |       |       ||    82
 Cast: Ensorcelled Hiber |       |       |       |     3 |    32 |   124 |     3 ||   162
       Animate Skeleton  |       |       |       |       |    31 |    55 |    40 ||   126
       Invisibility      |       |       |       |       |       |    34 |    20 ||    54
       Enslavement       |       |       |       |       |       |     1 |     1 ||     2
       Flight            |       |       |       |       |       |     4 |     2 ||     6
       Confuse           |       |       |       |       |       |     2 |     6 ||     8
       Apportation       |       |       |       |       |       |     1 |       ||     1
       Sublimation of Bl |       |       |       |       |       |     1 |       ||     1
       Blink             |       |       |       |       |       |       |     1 ||     1
       Swiftness         |       |       |       |       |       |       |     1 ||     1
Invok: Shadow Step       |       |       |       |     2 |     3 |     5 |     5 ||    15
       Shadow Form       |       |       |       |       |     6 |     2 |       ||     8
 Abil: End Transformatio |       |       |       |       |     1 |     1 |       ||     2
       Evoke Jump Attack |       |       |       |       |       |       |     1 ||     1
Evoke: Wand              |       |     3 |     6 |     7 |    40 |     7 |     6 ||    69
       Fan of gales      |       |       |       |       |     1 |       |       ||     1
       Stone of tremors  |       |       |       |       |     1 |       |       ||     1
       Deck              |       |       |       |       |     5 |       |       ||     5
       Phial of floods   |       |       |       |       |     1 |     3 |     1 ||     5
  Use: Scroll            |       |     4 |     8 |    15 |    26 |    19 |     7 ||    79
       Potion            |       |       |     3 |     6 |    10 |     7 |     4 ||    30
 Stab: Sleeping          |     1 |    10 |    31 |    74 |   199 |   209 |    76 ||   600
       Distracted        |       |     1 |     1 |     4 |    14 |    15 |     6 ||    41
       Invisible         |       |       |       |       |    16 |    55 |    46 ||   117
